 Dungeon Crawl Stone Soup version 0.30.0 (webtiles) character file.

Game seed: 12249054770728571831

235667 gggh the Hoplite (level 19, -2/127 HPs)
             Began as a Gargoyle Fighter on Nov 18, 2023.
             Was the Champion of Okawaru.
             Slain by an angel
             ... wielding a +3 sacred scourge of holy wrath
              (7 damage)
             ... on level 2 of the Abyss on Nov 20, 2023.
             The game lasted 02:58:53 (37728 turns).

gggh the Hoplite (Gargoyle Fighter)                Turns: 37728, Time: 02:58:54

Health: -2/127     AC: 57    Str: 25      XL:     19   Next: 18%
Magic:  0/15       EV: 12    Int:  8 (10) God:    Okawaru [******]
Gold:   2552       SH: 33    Dex: 19      Spells: 18/18 levels left

rFire   x x x        E - +7 spear "Qyfuc" {venom, rElec rPois}
rCold   x x .        a - +8 tower shield of Lifelessness {Dex+5}
rNeg    + . .        X - +8 orange crystal plate armour {Archmagi, Int+3 Clar}
rPois   ∞            D - +3 helmet of the Ward {SInv}
rElec   +            w - +0 cloak
rCorr   .            H - +2 pair of gloves of Lightning Storm {Dex+5 Slay+3 SInv}
SInv    +            G - +2 pair of boots of Utaegack {Str+3}
Will    +....        k - amulet of guardian spirit Stlth
                     m - +5 ring of evasion
HPRegen 0.00/turn    i - +4 ring of protection
MPRegen 0.14/turn

%: clarity, guardian spirit, archmagi
@: berserking, flying, inhibited regen, hasted, glowing, studying Unarmed
Combat, unable to read, very quick
A: sickness immunity, AC +14, big wings, negative energy resistance 1,
electricity resistance, torment resistance 1, petrification resistance,
iridescent scales 1, berserk 1, [deformed body], deterioration 1[+1], [dopey 2],
[frail 3], [low MP 2], [inhibited regeneration], ([teleportitis 2]), [weak 2],
[no potion heal 2], [cold vulnerability 2], heat vulnerability 1[+2], [subdued
magic 2], [inability to drink after injury 2], [inability to read after injury
2]
}: 2/15 runes: barnacled, gossamer
a: Renounce Religion, Heroism, Finesse, Duel


You were on level 2 of the Abyss.
You worshipped Okawaru.
Okawaru was exalted by your worship.
You visited 7 branches of the dungeon, and saw 30 of its levels.
You visited the Abyss 1 time.

You collected 4933 gold pieces.
You spent 2381 gold pieces at shops.

Inventory:

Hand Weapons
 E - the +7 spear "Qyfuc" (weapon) {venom, rElec rPois}
   (You found it on level 6 of the Dungeon)

   rElec:     It insulates you from electricity.
   rPois:     It protects you from poison.
 U - a +0 battleaxe of freezing
Missiles
 M - 3 silver javelins (quivered)
 Q - 8 javelins
Armour
 a - the +8 tower shield of Lifelessness (worn) {Dex+5}
   (Okawaru gifted it to you on level 2 of the Lair of Beasts)

   Dex:       It affects your dexterity (+5).
 w - a +0 cloak (worn)
 D - the +3 helmet of the Ward (worn) {SInv}
   (Okawaru gifted it to you on level 3 of the Lair of Beasts)

   SInv:      It lets you see invisible.
 G - the +2 pair of boots of Utaegack (worn) {Str+3}
   (You bought it in a shop on level 1 of the Dungeon)

   Str:       It affects your strength (+3).
 H - the +2 pair of gloves of Lightning Storm (worn) {Dex+5 Slay+3 SInv}
   (You bought it in a shop on level 1 of the Dungeon)

   Dex:       It affects your dexterity (+5).
   Slay:      It affects your accuracy & damage with ranged weapons and melee
   (+3).
   SInv:      It lets you see invisible.
 X - the +8 orange crystal plate armour (worn) {Archmagi, Int+3 Clar}
   (Okawaru gifted it to you on level 1 of the Lair of Beasts)

   Int:       It affects your intelligence (+3).
   Clar:      It protects you from confusion, rage, mesmerisation and fear.
Jewellery
 e - a ring of positive energy
 i - a +4 ring of protection (right hand)
 k - an amulet of guardian spirit (around neck)
 l - the ring "Yte Duk" {rCorr Str+3 Dex+5}
   (You acquired it on level 2 of the Lair of Beasts)

   [ring of resist corrosion]

   Str:       It affects your strength (+3).
   Dex:       It affects your dexterity (+5).
   rCorr:     It protects you from acid and corrosion.
 m - a +5 ring of evasion (left hand)
 o - an amulet of reflection
 x - a ring of willpower
 y - the ring "Peukyit" {rPois rCorr Int+6}
   (You found it on level 5 of the Dungeon)

   [ring of intelligence]

   Int:       It affects your intelligence (+6).
   rPois:     It protects you from poison.
   rCorr:     It protects you from acid and corrosion.
 J - a ring of protection from cold
 L - a ring of ice
 R - the ring of Generosity {rC+ Str+6 Dex-5 Stlth+}
   (You found it on level 3 of the Spider Nest)

   [ring of strength]

   Str:       It affects your strength (+6).
   Dex:       It affects your dexterity (-5).
   rC:        It protects you from cold.
   Stlth:     It makes you more stealthy.
 Z - a ring of fire
Wands
 s - a wand of iceblast (13)
 A - a wand of mindburst (36)
 I - a wand of flame (51)
 S - a wand of paralysis (18)
Scrolls
 c - 6 scrolls of enchant armour
 g - 4 scrolls of silence
 p - 15 scrolls of identify
 r - 5 scrolls of fog
 v - 7 scrolls of teleportation
 z - 2 scrolls of blinking
 C - a scroll of poison
 K - 2 scrolls of fear
 N - 4 scrolls of magic mapping
 V - a scroll of brand weapon
 W - 2 scrolls of enchant weapon
Potions
 b - 5 potions of ambrosia
 d - 2 potions of haste
 f - 6 potions of resistance
 j - 16 potions of curing
 n - a potion of berserk rage
 t - a potion of cancellation
 u - 5 potions of brilliance
 B - 5 potions of mutation
 F - 11 potions of heal wounds
 O - 3 potions of invisibility
 P - 5 potions of flight
 T - a potion of might
 Y - 2 potions of lignification
Miscellaneous
 h - a phial of floods
 q - a condenser vane


   Skills:
 + Level 14.4 Fighting
 + Level 9.5 Maces & Flails
 + Level 14.0 Polearms
 + Level 6.1 Throwing
 + Level 13.6 Armour
 + Level 3.2 Dodging
 + Level 2.0 Stealth
 + Level 24.2 Shields


You had 18 spell levels left.
You didn't know any spells.
Your spell library contained the following spells:

 Spells                   Type           Power      Damage    Failure   Level
 Freeze                   Ice            0%         1d3       100%        1
 Kiss of Death            Conj/Necr      0%         2d5       100%        1
 Necrotise                Necr           0%         1d4       100%        1
 Shock                    Conj/Air       0%         1d3       100%        1
 Slow                     Hex            0%         N/A       100%        1
 Poisonous Vapours        Pois/Air       0%         N/A       100%        2
 Static Discharge         Conj/Air       0%         2-2/arc   100%        2
 Confusing Touch          Hex            0%         N/A       100%        3
 Dazzling Flash           Conj/Hex       0%         N/A       100%        3
 Frozen Ramparts          Ice            0%         1d1       100%        3
 Hailstorm                Conj/Ice       0%         3d3       100%        3
 Ignite Poison            Fire/Tmut/Pois 0%         N/A       100%        3
 Mephitic Cloud           Conj/Pois/Air  0%         N/A       100%        3
 Ozocubu's Armour         Ice            0%         N/A       100%        3
 Swiftness                Air            0%         N/A       100%        3
 Vampiric Draining        Necr           0%         2d6       100%        3
 Vhi's Electric Charge    Tloc/Air       0%         N/A       100%        3
 Volatile Blastmotes      Fire/Tloc      0%         2d10      100%        3
 Airstrike                Air            0%         2d(0-16)  100%        4
 Dispel Undead            Necr           0%         3d6       100%        4
 Fulminant Prism          Conj/Hex       0%         3d5       100%        4
 Ice Form                 Ice/Tmut       0%         N/A       100%        4
 Iskenderun's Mystic Bla  Conj/Tloc      0%         2d3       100%        4
 Passage of Golubria      Tloc           0%         N/A       100%        4
 Sticky Flame             Conj/Fire      0%         2d3       100%        4
 Agony                    Necr           0%         N/A       100%        5
 Alistair's Intoxication  Tmut/Pois      0%         N/A       100%        5
 Freezing Cloud           Conj/Ice/Air   0%         6-21      100%        5
 Metabolic Englaciation   Hex/Ice        0%         N/A       100%        5
 Silence                  Hex/Air        0%         N/A       100%        5
 Eringya's Noxious Bog    Tmut/Pois      0%         N/A       100%        6
 Starburst                Conj/Fire      0%         6d3       100%        6
 Ignition                 Fire           0%         3d3       100%        8
 Lehudib's Crystal Spear  Conj/Erth      0%         10d2      100%        8
 Tukima's Dance           Hex            Unusable   N/A       N/A         3
 Animate Dead             Necr           Unusable   N/A       N/A         4
 Summon Lightning Spire   Summ/Air       Unusable   N/A       N/A         4
 Simulacrum               Ice/Necr       Unusable   N/A       N/A         6

Dungeon Overview and Level Annotations

Branches:
Dungeon (13/15)            Temple (1/1) D:5            Lair (5/5) D:11
 Shoals (4/4) Lair:3       Spider (4/4) Lair:2        Slime (0/5) Lair:4
    Orc (2/2) D:12            Elf (1/3) Orc:2
 Vaults: D:13-14

Altars:
Ashenzari
Cheibriados
Dithmenos
Elyvilon
Fedhas
Gozag
Hepliaklqana
Kikubaaqudgha
Makhleb
Nemelex Xobeh
Okawaru
Qazlal
Ru
Sif Muna
Trog
Uskayaw
Vehumet
Wu Jian
Xom
Yredelemnul
Zin
The Shining One

Shops:
D:1 *   D:5 [   D:9 *   Orc:1 *   Orc:2 *!*:!   Shoals:2 *   Shoals:3 =
Shoals:4 !

Annotations:
D:3 exclusion: oklob plant
D:13 3 runed translucent doors, DocterCrane's ghost, journeyman MiBe
Spider:2 3 runed translucent doors, Caterwaul's ghost, adept MfMo


Innate Abilities, Weirdness & Mutations

You are immune to sickness and miasma.
Your stone body is resilient. (AC +14)
You are immune to poison.
Your large and strong wings let you fly.
You resist negative energy. (rN+)
You are resistant to electric shocks. (rElec)
You are resistant to unholy torment.
You are immune to petrification.
You are partially covered in iridescent scales. (AC +2)
You sometimes lose your temper in combat.
[Armour fits poorly on your strangely shaped body.]
[Your body often deteriorates upon taking damage.]
[You are very dopey. (Int -4)]
[You are extremely frail. (-30% HP)]
[Your magical capacity is very low. (-20% MP)]
[You do not regenerate when monsters are visible.]
[((You are often teleported next to monsters.))]
[You are very weak. (Str -4)]
[Potions cannot restore your health.]
[You are very vulnerable to cold. (rC--)]
[You are extremely vulnerable to heat. (rF---)]
[Your spells are easier to cast, but less powerful.]
[You sometimes lose the ability to drink potions when taking damage.]
[You sometimes lose the ability to read scrolls when taking damage.]


Message History

You block the thrashing horror's attack.
The thrashing horror misses you.
The thrashing horror tramples you but does no damage.
You block the thrashing horror's attack.
You can read scrolls again.
The brown very ugly thing basks in the mutagenic energy from its kin and changes!
A lurking horror comes into view.
The worldbinder calls forth creatures from the Crypt!
The brown very ugly thing basks in the mutagenic energy from its kin and changes!
The worldbinder calls forth creatures from the Crypt!
You block the thrashing horror's attack.
The thrashing horror closely misses you.
A red film seems to cover your vision as you go berserk!
You feel yourself moving faster!
You feel mighty!
You puncture the thrashing horror!
The thrashing horror is lightly damaged.
You block the thrashing horror's attack. x2
You impale the thrashing horror!!
The thrashing horror is severely damaged.
You block the thrashing horror's attack. x2
You barely miss the thrashing horror.
The thrashing horror is severely damaged.
The thrashing horror tramples you but does no damage.
The thrashing horror closely misses you.
You puncture the thrashing horror!
The thrashing horror is almost destroyed.
You block the thrashing horror's attack. x2
You barely miss the thrashing horror.
The thrashing horror is almost destroyed.
The thrashing horror churns violently!
The thrashing horror seems to grow stronger.
You impale the thrashing horror!!
You destroy the thrashing horror!
Okawaru accepts your kill. You block the angel's attack. x2
The worldbinder calls forth creatures from the Crypt!
You closely miss the angel. The angel closely misses you.
The angel hits you with a +3 sacred scourge of holy wrath!
You feel threatened and lose the ability to read scrolls!
You die...

##### ##.#.# #.
#....# . .
###@#.# .# #*A##
.... ##...#.
#.#W...#
#W.W#.....
####x..#.#.#
#..*. #. .#.
###.#.u.##.....
#..#......###...#


You could see an angel, a red very ugly thing (soul bound), a wretched star, 3
freezing wraiths, a worldbinder and a lurking horror.

Vanquished Creatures
  A dread lich (Abyss:2)
  Arachne (Spider:2)
  Jorgrun (Spider:2)
  A tentacled monstrosity (Shoals:3)
  Gastronok (Lair:3)
  2 krakens
  Frances (Shoals:1)
  Polyphemus (Shoals:2)
  Agnes (Spider:2)
  Donald (Spider:2)
  7 emperor scorpions (Spider:4)
  Ilsuiw (Shoals:2)
  A frost giant (Shoals:3)
  A ghost moth (Spider:4)
  3 spark wasps
  15 merfolk impalers
  A blizzard demon (Abyss:2)
  Josephine (Orc:2)
  5 merfolk javelineers
  4 entropy weavers
  2 great orbs of eyes (Shoals:3)
  Erolcha (D:8)
  3 catoblepae
  3 hydras
  A jorogumo (Spider:4)
  3 merfolk avatars
  3 alligator snapping turtles
  6 merfolk aquamancers
  4 radroaches
  2 two-headed ogres
  2 boulder beetles
  Urug (Orc:1)
  3 centaur warriors
  5 satyrs
  8 death yaks
  A thrashing horror (Abyss:2)
  An orc high priest (Orc:2)
  2 deep elf knights
  Amaemon (Lair:3)
  7 pharaoh ants
  8 skysharks
  8 sea snakes
  A sun moth (Spider:3)
  11 orb spiders
  20 harpies
  An ugly thing (D:12)
  5 steelbarb worms
  20 wolf spiders
  8 deep elf zephyrmancers
  5 orc sorcerers (Orc:2)
  25 fauns
  10 deep elf pyromancers
  11 manticores
  A cyclops (D:10)
  8 merfolk sirens
  9 moths of wrath
  2 black mambas
  12 elephants
  5 torpor snails
  An apocalypse crab (Shoals:3)
  9 water nymphs
  An orange demon (Lair:3)
  A smoke demon (Abyss:2)
  An unseen horror (shapeshifter) (D:13)
  13 demonic crawlers
  11 cane toads
  A rime drake (Lair:2)
  Maggie (D:6)
  5 kobold demonologists
  12 komodo dragons
  An unseen horror (D:12)
  An ancient zyme (Abyss:2)
  9 wind drakes
  37 merfolk
  6 trolls
  8 polar bears
  7 hornets
  22 tarantellas
  26 blink frogs
  A dream sheep (Lair:5)
  7 snapping turtles
  20 jumping spiders
  8 slime creatures
  2 wyverns
  13 spriggans (Lair:5)
  25 culicivoras
  9 water elementals
  65 yaks
  A vampire (D:12)
  A fire elemental (Elf:1)
  A ynoxinul (Abyss:2)
  11 wraiths
  5 basilisks
  A chaos spawn (Abyss:2)
  15 vampire mosquitoes
  A steam dragon (D:6)
  47 redbacks
  A large abomination (Abyss:2)
  Duvessa (D:6)
  An acid dragon (D:11)
  10 water moccasins
  2 ice beasts
  21 orc warriors
  A sky beast (D:6)
  8 black bears
  4 ogres
  7 boggarts
  24 wolves
  13 centaurs
  2 kobold brigands
  15 bullfrogs
  5 scorpions
  3 small abominations (Abyss:2)
  9 wights
  Dowan (D:6)
  9 killer bees
  An electric eel (Spider:4)
  2 howler monkeys
  30 orc priests
  2 hounds
  7 jellies (D:9)
  3 gnoll boudas
  3 sleepcaps
  3 iguanas
  32 orc wizards
  4 hell rats (Lair:4)
  Robin (D:3)
  18 gnolls
  11 adders
  2 shadow imps (D:6)
  A white imp (D:7)
  A worm (D:4)
  81 orcs
  7 ball pythons
  5 bats
  20 endoplasms
  5 giant cockroaches
  24 goblins
  13 hobgoblins
  5 jackals
  16 kobolds
  7 quokkas
  5 frilled lizards
  9 rats
  3 tentacles
1143 creatures vanquished.

Vanquished Creatures (others)
  A harpy (Shoals:4)
  A faun (Shoals:3)
  A water elemental (Elf:1)
  An orc warrior (Orc:2)
  73 fungi
  160 plants
  32 tentacles
269 creatures vanquished.

Grand Total: 1412 creatures vanquished

Notes
Turn   | Place    | Note
-------+----------+-------------------------------------------
     0 | D:1      | gggh the Gargoyle Fighter began the quest for the Orb.
     0 | D:1      | Reached XP level 1. HP: 14/14 MP: 1/1
   142 | D:1      | Reached XP level 2. HP: 19/19 MP: 2/2
   666 | D:1      | Reached XP level 3. HP: 22/23 MP: 3/3
   782 | D:1      | Found Zemergh's Assorted Antiques.
  1697 | D:3      | Found a blossoming altar of Fedhas.
  1704 | D:3      | Noticed Robin
  1832 | D:3      | Reached XP level 4. HP: 29/29 MP: 4/4
  1898 | D:3      | Found the amulet of Elemental Vulnerability {rPois rF--
                  | rC-- AC+8}
  1943 | D:3      | Found a burning altar of Makhleb.
  1948 | D:3      | Identified the +0 robe of Sloth {rF+ rCorr}
  2167 | D:3      | Killed Robin
  2206 | D:3      | Noticed an oklob plant
  2990 | D:4      | Reached XP level 5. HP: 33/33 MP: 5/5
  3160 | D:4      | Got Zigil's Lessons on the Snake and Maleficia
  3200 | D:4      | Reached XP level 6. HP: 36/38 MP: 6/6
  3531 | D:4      | Found an ornate altar of the Wu Jian Council.
  3941 | D:5      | Entered Level 5 of the Dungeon
  3945 | D:5      | Noticed a black bear
  3948 | D:5      | Reached skill level 5 in Maces & Flails
  3954 | D:5      | Killed a black bear
  3955 | D:5      | Reached skill level 1 in Dodging
  3955 | D:5      | Reached skill level 4 in Shields
  4319 | D:5      | Reached XP level 7. HP: 40/44 MP: 7/7
  4507 | D:5      | Found a staircase to the Ecumenical Temple.
  4520 | D:5      | Reached skill level 5 in Fighting
  4565 | Temple   | Entered the Ecumenical Temple
  4565 | Temple   | Found a transporter.
  4565 | Temple   | Found a transporter.
  4626 | Temple   | Found a transporter.
  4626 | Temple   | Found a transporter.
  4645 | Temple   | Became a worshipper of Warmaster Okawaru
  4783 | D:5      | Found Upuo's Armour Boutique.
  4821 | D:5      | Identified the ring "Peukyit" {rPois rCorr Int+6}
  5194 | D:6      | Reached skill level 5 in Armour
  5194 | D:6      | Reached XP level 8. HP: 40/49 MP: 5/8
  5328 | D:6      | Noticed Maggie
  5350 | D:6      | Killed Maggie
  5357 | D:6      | Reached * piety under Okawaru
  5448 | D:6      | Found an ancient bone altar of Kikubaaqudgha.
  5674 | D:6      | Reached XP level 9. HP: 54/55 MP: 7/9
  5691 | D:6      | Noticed Duvessa
  5691 | D:6      | Noticed Dowan
  5710 | D:6      | Killed Dowan
  5716 | D:6      | Killed Duvessa
  5905 | D:6      | Reached skill level 5 in Shields
  6239 | D:6      | Reached ** piety under Okawaru
  6491 | D:6      | Identified the +7 spear "Qyfuc" {venom, rElec rPois}
  6561 | D:7      | Noticed a boulder beetle
  6629 | D:6      | Killed a boulder beetle
  6629 | D:6      | Reached *** piety under Okawaru
  6802 | D:6      | Reached skill level 1 in Polearms
  7002 | D:1      | Bought a pair of twisted boots for 247 gold pieces
  7002 | D:1      | Identified the +2 pair of boots of Utaegack {Str+3} (You
                  | bought it in a shop on level 1 of the Dungeon)
  7233 | D:7      | Reached XP level 10. HP: 61/61 MP: 10/10
  7722 | D:8      | Found a shimmering altar of Xom.
  7882 | D:8      | Reached skill level 6 in Shields
  8097 | D:8      | Reached skill level 1 in Stealth
  8173 | D:8      | Reached skill level 1 in Throwing
  8396 | D:9      | Noticed Erolcha
  9054 | D:9      | Found Amext's Serpentskin Sales.
  9159 | D:9      | Reached **** piety under Okawaru
  9813 | D:8      | Killed Erolcha
  9814 | D:8      | Reached skill level 5 in Polearms
  9814 | D:8      | Reached XP level 11. HP: 46/68 MP: 7/11
  9904 | D:10     | Entered Level 10 of the Dungeon
  9925 | D:10     | Found a bloodstained altar of Trog.
 10186 | D:1      | Bought a pair of bloodstained gloves for 247 gold pieces
 10186 | D:1      | Identified the +2 pair of gloves of Lightning Storm {Dex+5
                  | Slay+3 SInv} (You bought it in a shop on level 1 of the
                  | Dungeon)
 10497 | D:10     | Found a hazy altar of Hepliaklqana.
 10718 | D:10     | Received a gift from Okawaru
 10770 | D:10     | Reached ***** piety under Okawaru
 10780 | D:10     | Received a gift from Okawaru
 10781 | D:10     | Reached skill level 7 in Shields
 11017 | D:10     | Noticed a cyclops
 11071 | D:10     | Killed a cyclops
 11195 | D:10     | Noticed a two-headed ogre
 11221 | D:10     | Killed a two-headed ogre
 11981 | D:11     | Noticed a two-headed ogre
 12016 | D:11     | Killed a two-headed ogre
 12204 | D:11     | Reached ****** piety under Okawaru
 12581 | D:11     | Noticed a manticore
 12588 | D:11     | Killed a manticore
 12619 | D:11     | Reached XP level 12. HP: 75/75 MP: 12/12
 12738 | D:11     | Found a staircase to the Lair.
 12980 | Lair:1   | Entered Level 1 of the Lair of Beasts
 13025 | Lair:1   | Reached skill level 10 in Armour
 13025 | Lair:1   | Reached skill level 8 in Shields
 13194 | Lair:1   | Received a gift from Okawaru
 13194 | Lair:1   | Found the +8 orange crystal plate armour {Archmagi, Int+3
                  | Clar}
 13460 | Lair:1   | Noticed a death yak
 13460 | Lair:1   | Noticed a death yak
 13460 | Lair:1   | Noticed a death yak
 13460 | Lair:1   | Noticed a death yak
 13469 | Lair:1   | Noticed a death yak
 13483 | Lair:1   | Killed a death yak
 13496 | Lair:1   | Killed a death yak
 13505 | Lair:1   | Killed a death yak
 13514 | Lair:1   | Killed a death yak
 13533 | Lair:1   | Killed a death yak
 13742 | Lair:1   | Identified the +5 mace "Kepijoargh" {drain, Int+6}
 14198 | Lair:2   | Found a hole to the Spider Nest.
 14349 | Lair:2   | Noticed a skyshark
 14358 | Lair:2   | Killed a skyshark
 14358 | Lair:2   | Identified the +8 tower shield of Lifelessness {Dex+5}
                  | (Okawaru gifted it to you on level 2 of the Lair of Beasts)
 14358 | Lair:2   | Received a gift from Okawaru
 14359 | Lair:2   | Reached skill level 10 in Polearms
 14611 | Lair:2   | Noticed a skyshark
 14651 | Lair:2   | Reached XP level 13. HP: 81/82 MP: 11/13
 14663 | Lair:2   | Reached skill level 10 in Fighting
 14771 | Lair:2   | Found a dark tunnel.
 14809 | Lair:2   | Reached skill level 9 in Shields
 15032 | Lair:2   | Identified a scroll of acquirement
 15032 | Lair:2   | Acquired the ring "Yte Duk" {rCorr Str+3 Dex+5}
 15055 | Lair:3   | Found a staircase to the Shoals.
 15110 | Lair:3   | Noticed Amaemon
 15386 | Lair:3   | Killed Amaemon
 15536 | Lair:3   | Reached skill level 10 in Shields
 15573 | Lair:3   | Noticed Gastronok
 15589 | Lair:3   | Killed Gastronok
 15659 | Lair:3   | Identified the +3 helmet of the Ward {SInv} (Okawaru gifted
                  | it to you on level 3 of the Lair of Beasts)
 15659 | Lair:3   | Received a gift from Okawaru
 16135 | Lair:4   | Reached skill level 5 in Throwing
 16228 | Lair:4   | Reached skill level 11 in Shields
 16396 | Lair:4   | Found a staircase to the Slime Pits.
 16925 | Lair:5   | Entered Level 5 of the Lair of Beasts
 16953 | Lair:4   | Gained mutation: Your large and strong wings let you fly.
                  | [Gargoyle growth]
 16953 | Lair:4   | Reached XP level 14. HP: 88/88 MP: 14/14
 17050 | Lair:4   | Reached skill level 12 in Shields
 17190 | Lair:5   | Received a gift from Okawaru
 17506 | Lair:5   | Reached skill level 13 in Shields
 17607 | Lair:5   | Identified the +4 ring mail "Holet" {Rampage Regen+ Str-4
                  | Stlth+} (Okawaru gifted it to you on level 5 of the Lair of
                  | Beasts)
 17607 | Lair:5   | Received a gift from Okawaru
 17860 | Lair:5   | Acquired 780 gold pieces
 18356 | Lair:5   | Reached skill level 14 in Shields
 18613 | Lair:5   | Identified the +1 spear of Tumult {heavy, Str+4}
 18774 | Spider:1 | Entered Level 1 of the Spider Nest
 19066 | Spider:1 | Reached XP level 15. HP: 95/95 MP: 15/15
 19156 | Spider:1 | Got Otiar's Fundamentals of Spellcraft
 19251 | Spider:1 | Gained mutation: You sometimes lose your temper in combat.
                  | [mutagenic glow]
 19273 | Spider:1 | Gained mutation: [Your body sometimes deteriorates upon
                  | taking damage.] [mutagenic glow]
 19414 | Spider:1 | Reached skill level 15 in Shields
 20200 | Spider:2 | Received a gift from Okawaru
 20440 | Spider:2 | Reached skill level 16 in Shields
 20958 | Spider:1 | Received a gift from Okawaru
 21560 | Spider:2 | Found a runed translucent gate.
 21567 | Spider:2 | Found a runed translucent gate.
 21582 | Spider:2 | Found a runed translucent gate.
 21584 | Spider:2 | Noticed Caterwaul's ghost (adept MfMo)
 21761 | Spider:3 | Noticed Jorgrun
 21824 | Spider:1 | Reached skill level 17 in Shields
 22054 | Spider:2 | Killed Jorgrun
 22503 | Spider:3 | Reached XP level 16. HP: 94/101 MP: 16/16
 22561 | Spider:3 | Noticed Agnes
 22601 | Spider:2 | Killed Agnes
 22926 | Spider:3 | Identified the ring of Generosity {rC+ Str+6 Dex-5 Stlth+}
 22972 | Spider:3 | Noticed Arachne
 23036 | Spider:2 | Killed Arachne
 23097 | Spider:3 | Reached skill level 18 in Shields
 23190 | Spider:4 | Entered Level 4 of the Spider Nest
 23287 | Spider:4 | Noticed Donald
 23357 | Spider:2 | Killed Donald
 23404 | Spider:4 | Identified the +4 mace "Piathryn" {venom, rC+} (Okawaru
                  | gifted it to you on level 4 of the Spider Nest)
 23404 | Spider:4 | Received a gift from Okawaru
 24035 | Spider:4 | Reached skill level 19 in Shields
 24807 | Spider:4 | Received a gift from Okawaru
 25295 | Spider:4 | Got a gossamer rune of Zot
 25304 | Spider:4 | Identified the +0 pair of boots "Woymm" {rF+ Int-4 Stlth+}
 25510 | Shoals:1 | Entered Level 1 of the Shoals
 25958 | Shoals:1 | Reached skill level 20 in Shields
 26025 | Shoals:1 | Reached XP level 17. HP: 97/108 MP: 17/17
 26218 | Shoals:1 | Received a gift from Okawaru
 26773 | Shoals:2 | Noticed Frances
 26812 | Shoals:1 | Killed Frances
 27136 | Shoals:2 | Noticed Polyphemus
 27304 | Shoals:2 | Killed Polyphemus
 27488 | Shoals:2 | Identified the +0 pair of gloves of Intuition {rPois Regen+
                  | Int+3 Dex-3} (Okawaru gifted it to you on level 2 of the
                  | Shoals)
 27488 | Shoals:2 | Received a gift from Okawaru
 27547 | Shoals:2 | Reached skill level 21 in Shields
 27676 | Shoals:2 | Identified the +2 pair of gloves "Xovyleumeh" {Fly rPois}
 27780 | Shoals:2 | Noticed a kraken
 27890 | Shoals:2 | Killed a kraken
 28039 | Shoals:2 | Found Ronut's Overcharged Wands.
 28221 | Shoals:2 | Noticed Ilsuiw
 28477 | Shoals:2 | Killed Ilsuiw
 29007 | Shoals:3 | Noticed a kraken
 29200 | Shoals:3 | Found Cici's Jewellery Boutique.
 29841 | Shoals:3 | Received a gift from Okawaru
 29933 | Shoals:3 | Reached skill level 22 in Shields
 30104 | Shoals:3 | Killed a kraken
 30181 | Shoals:3 | Reached XP level 18. HP: 107/115 MP: 11/18
 30181 | Shoals:3 | Noticed a tentacled monstrosity
 30202 | Shoals:3 | Killed a tentacled monstrosity
 30205 | Shoals:3 | Identified the ring "Hihetu" {rF++ Slay+4}
 30417 | Shoals:3 | Received a gift from Okawaru
 30717 | Shoals:4 | Entered Level 4 of the Shoals
 30956 | Shoals:4 | Found Apsos's Distillery.
 30964 | Shoals:4 | Bought a potion of heal wounds for 60 gold pieces
 30964 | Shoals:4 | Bought a potion of heal wounds for 60 gold pieces
 31229 | Shoals:4 | Reached skill level 23 in Shields
 31654 | Shoals:4 | Got a barnacled rune of Zot
 31778 | Shoals:4 | Got Marr's Omnibus of Pestilent Voltage
 33471 | D:12     | Found a staircase to the Orcish Mines.
 33713 | D:13     | Received a gift from Okawaru
 34058 | D:13     | Found a runed translucent gate.
 34058 | D:13     | Found a runed translucent gate.
 34058 | D:13     | Found a runed translucent gate.
 34068 | D:13     | Found an ancient bone altar of Kikubaaqudgha.
 34068 | D:13     | Noticed a lich
 34068 | D:13     | Noticed a lich
 34068 | D:13     | Noticed a lich
 34068 | D:13     | Noticed a lich
 34069 | D:13     | Noticed DocterCrane's ghost (journeyman MiBe)
 34164 | Orc:1    | Entered Level 1 of the Orcish Mines
 34309 | Orc:1    | Received a gift from Okawaru
 34523 | Orc:1    | Found Xoqifeet's Mass Market.
 34537 | Orc:1    | Found a frozen archway.
 34624 | Orc:1    | Noticed Urug
 34646 | Orc:1    | Killed Urug
 34838 | Orc:2    | Entered Level 2 of the Orcish Mines
 35117 | Orc:2    | Found Xaskoan's General Store.
 35125 | Orc:2    | Bought a scroll of acquirement for 728 gold pieces
 35125 | Orc:2    | Acquired 1312 gold pieces
 35235 | Orc:2    | Found a staircase to the Elven Halls.
 35402 | Orc:2    | Noticed Josephine
 35433 | Orc:2    | Killed Josephine
 36104 | Orc:2    | Gained mutation: You are partially covered in iridescent
                  | scales. (AC +2) [a neqoxec]
 36106 | Orc:2    | Gained mutation: [You are vulnerable to heat. (rF-)] [a
                  | neqoxec]
 36284 | Orc:2    | Found Archaome's Distillery.
 36289 | Orc:2    | Found Ezxud's Book Emporium.
 36309 | Orc:2    | Found Meobad's Distillery.
 36321 | Orc:2    | Found Feottapn's Assorted Antiques.
 36324 | Orc:2    | Bought a potion of heal wounds for 70 gold pieces
 36327 | Orc:2    | Bought a scroll of teleportation for 114 gold pieces
 36327 | Orc:2    | Bought 3 scrolls of enchant armour for 855 gold pieces
 36725 | Elf:1    | Entered Level 1 of the Elven Halls
 37130 | Elf:1    | Reached XP level 19. HP: 114/121 MP: 17/19
 37142 | Elf:1    | Reached skill level 24 in Shields
 37364 | Elf:1    | Received a gift from Okawaru
 37369 | Abyss:2  | Cast into level 2 of the Abyss (a deep elf sorcerer)
 37496 | Abyss:2  | Found a corrupted altar of Lugonu.
 37560 | Abyss:2  | Noticed a dread lich
 37560 | Abyss:2  | Paralysed by a dread lich for 2 turns
 37572 | Abyss:2  | Noticed an Ice Fiend
 37579 | Abyss:2  | Paralysed by a dread lich for 5 turns
 37589 | Abyss:2  | Paralysed by a dread lich for 5 turns
 37603 | Abyss:2  | Paralysed by a dread lich for 3 turns
 37625 | Abyss:2  | Paralysed by a dread lich for 3 turns
 37645 | Abyss:2  | Noticed a Brimstone Fiend
 37672 | Abyss:2  | Paralysed by a dread lich for 3 turns
 37674 | Abyss:2  | HP: 3/85 [dread lich (6)]
 37680 | Abyss:2  | Noticed a Tzitzimitl
 37682 | Abyss:2  | Killed a dread lich
 37694 | Abyss:2  | Found a corrupted altar of Lugonu.
 37700 | Abyss:2  | Found a corrupted altar of Lugonu.
 37701 | Abyss:2  | Found a corrupted altar of Lugonu.
 37728 | Abyss:2  | Slain by an angel

Illustrated notes

Levels and vault maps discovered:
D:1:      sevenhm_arrival_forest_fort_small_3, layout_loops_corners,
          serial_shops, nicolae_shop_tiny_waterfront
D:2:      layout_basic, st_stairs_6
D:3:      layout_loops_ring, bloody_makhleb, tgw_fedhas, minmay_goblin_outpost,
          uniq_robin
D:4:      layout_basic, nicolae_overflow_crystal_walls, serial_bayou_pond_a,
          minmay_checkerbox
D:5:      layout_loops_ring, minmay_temple_entry_crystal_x, serial_shops, shop,
          water_boxes_lemuel
D:6:      corexii_shack_village, layout_loops_ring, kiku_gazebo_pond_becter,
          uniq_maggie, uniq_duvessa
D:7:      layout_basic, minmay_manual_moon
D:8:      layout_cave_pools, mainiacjoe_overflow_concentric_impassable
D:9:      lemuel_slime, layout_cave_pools, guppyfry_shop_venom, uniq_erolcha
D:10:     minmay_recursive_quarters, layout_cave_pods, amcnicky_altar_gilded,
          trog_butcher_becter, enter_bailey_8
D:11:     layout_basic, grunt_lair_entry_orc_guard_hut
D:12:     layout_stronghold, hiddenorc1_lemuel
D:13:     layout_rooms, gammafunk_ghost_crypt
Temple:   hellmonk_temple_divided_pantheon
Lair:1:   layout_concentric_octagons, serial_bayou_crossing
Lair:2:   layout_chaotic_city, nicolae_spider_entry_lesser_pyramids,
          nicolae_volcano_entry_two_sided
Lair:3:   layout_cave_shapes, minmay_shoals_entry_beasts,
          nicolae_lair_grazing_beasts [nicolae_sub_lair_graze_edge,
          nicolae_sub_lair_graze_edge, nicolae_sub_lair_graze_edge,
          nicolae_sub_lair_graze_edge], grunt_megastairs_4, uniq_gastronok,
          uniq_amaemon
Lair:4:   layout_roguey, slime_entry_1, st_stairs_6
Lair:5:   minmay_lair_end_enchanted_forest, layout_regular_city
Shoals:1: layout_shoals
Shoals:2: layout_shoals, nicolae_shop_overcharged_wands, uniq_frances,
          uniq_polyphemus, uniq_ilsuiw
Shoals:3: dreamdust_from_the_deep, layout_shoals,
          minmay_shop_enchanted_jewellery
Shoals:4: shoals_end_grunt_ice, layout_shoals, shoals_ilsuiw_ice, serial_shops,
          shop
Spider:1: layout_spider_delve
Spider:2: layout_spider_delve, gammafunk_ghost_tricky_traps
Spider:3: layout_spider_delve, uniq_arachne, uniq_jorgrun, uniq_agnes
Spider:4: grunt_spider_rune_circles, nicolae_spider_webbed_stairs, uniq_donald
Orc:1:    layout_caves, portal_ice_cave_entry_pillars_1, minmay_shop_mass,
          minmay_orc_temple_a, uniq_urug
Orc:2:    st_orc_mages, layout_diamond_mine, serial_shops,
          nicolae_shop_rolling_square, mines1_david, uniq_josephine
Elf:1:    minmay_elf_arrival_summoners, layout_onion_city,
          minmay_elf_demonology, dreamdust_princess_bridge, drop_trap,
          minmay_elf_sorcery
Abyss:2:  base: D:15, spicy_abyss_planar_alliance, bh_abyss_negative,
          evilmike_abyss_exit_12, evilmike_abyss_exit_12

Skill      XL: |  1  2  3  4  5  6  7  8  9 10 11 12 13 14 15 16 17 18 19 |
---------------+----------------------------------------------------------+-----
Maces & Flails | 3 4 5 6 8 9 |  9.5
Fighting       | 4 5 6 8 9 10 11 12 13 14 | 14.4
Armour         | 4 5 6 7 8 9 10 11 12 13 | 13.6
Dodging        | 1 2 3 |  3.2
Shields        | 4 5 6 7 8 11 14 17 20 22 23 24 | 24.2
Polearms       | 1 5 7 10 11 12 13 14 | 14.0
Stealth        | 1 2 |  2.0
Throwing       | 2 3 5 6 |  6.1

Action                     |  1- 3 |  4- 6 |  7- 9 | 10-12 | 13-15 | 16-18 | 19-21 || total
---------------------------+-------+-------+-------+-------+-------+-------+-------++-------
  Melee: Flail             |   160 |   189 |    37 |       |       |       |       ||   386
         Mace              |       |       |   187 |       |       |       |       ||   187
         Spear             |       |       |    45 |   746 |  1959 |  3528 |   181 ||  6459
  Throw: Boomerang         |       |       |     5 |    85 |     1 |       |       ||    91
         Javelin           |       |       |       |     9 |    78 |    35 |     4 ||   126
         Throwing net      |       |       |       |       |     2 |       |       ||     2
    Use: Scroll            |     7 |     6 |     3 |     8 |    10 |     9 |     4 ||    47
         Potion            |       |     1 |     2 |     1 |     2 |       |     4 ||    10
 Armour: Scale mail        |    48 |       |       |       |       |       |       ||    48
         Chain mail        |    41 |   146 |   136 |   251 |       |       |       ||   574
         Plate armour      |       |       |       |    73 |       |       |       ||    73
         Crystal plate arm |       |       |       |    73 |   899 |  1041 |    82 ||  2095
  Dodge: Dodged            |    83 |    60 |   101 |   368 |   479 |   697 |    44 ||  1832
  Block: Buckler           |    32 |    45 |    50 |   154 |       |       |       ||   281
         Tower shield      |       |       |       |    30 |  2841 |  4340 |   193 ||  7404
